 Dungeon Crawl Stone Soup version 0.27-a0-1193-g8631133539 (webtiles) character file.

Game seed: 13445307977976847936

166 karkarkar the Chopper (level 5, -5/47 HPs)
             Began as a Minotaur Berserker on May 26, 2021.
             Was a Believer of Trog.
             Slain by a gnoll sergeant
             ... wielding a +0 trident
              (10 damage)
             ... on level 3 of the Dungeon.
             The game lasted 00:03:43 (2253 turns).

karkarkar the Chopper (Minotaur Berserker)          Turns: 2253, Time: 00:03:43

Health: -5/47      AC:  7    Str: 21    XL:     5   Next: 22%
Magic:  4/4        EV: 11    Int:  4    God:    Trog [**....]
Gold:   88         SH:  0    Dex: 11    Spells: 4/4 levels left

rFire    . . .     SeeInvis .   a - +0 hand axe
rCold    . . .     Faith    .   (no shield)
rNeg     . . .     Spirit   .   j - +0 ring mail
rPois    .         Reflect  .   (helmet restricted)
rElec    .         Harm     .   (no cloak)
rCorr    .         Rampage  .   (no gloves)
Will     ++...                  e - +1 pair of boots
Stlth    +.........             (no amulet)
HPRegen  1.15/turn              (no ring)
MPRegen  0.09/turn              (no ring)

@: strong-willed, on berserk cooldown, regenerating, slowed, very slow
A: horns 2, retaliatory headbutt
a: Renounce Religion, Berserk, Trog's Hand


You were on level 3 of the Dungeon.
You worshipped Trog.
Trog was pleased with you.
You visited 1 branch of the dungeon, and saw 3 of its levels.

You collected 88 gold pieces.

Inventory:

Hand Weapons
 a - a +0 hand axe (weapon)
Armour
 e - a +1 pair of boots (worn)
 j - a +0 ring mail (worn)
Scrolls
 c - 3 scrolls of magic mapping
 f - a scroll of enchant weapon {unknown}
 g - 2 scrolls of fear
 l - a scroll of noise {unknown}
Potions
 b - a potion of magic {unknown}
 d - a potion of resistance {unknown}
 h - a potion of lignification {unknown}
 i - a potion of heal wounds {unknown}
 k - a potion of curing {unknown}


   Skills:
 + Level 4.8 Fighting
 + Level 5.6 Axes
 + Level 2.7 Armour
 + Level 3.0 Dodging
 + Level 0.8 Stealth


You had 4 spell levels left.
You didn't know any spells.
Your spell library was empty.

Dungeon Overview and Level Annotations

Branches:
Dungeon (3/15)

Altars:


Innate Abilities, Weirdness & Mutations

You have a pair of horns on your head.
You reflexively headbutt those who attack you in melee.


Message History

You feel yourself slow down.
The gnoll sergeant hits you but does no damage.
The gnoll hits you with a +0 whip.
You can move again.
Your skin crawls.
You feel strong-willed.
The gnoll sergeant hits you but does no damage.
The gnoll hits you with a +0 whip.
You barely miss the gnoll. The gnoll sergeant barely misses you.
The gnoll hits you with a +0 whip. The gnoll sergeant closely misses you.
The gnoll hits you but does no damage.
You barely miss the gnoll.
You headbutt the gnoll, but do no damage.
A gnoll comes into view. It is wielding a +0 whip.
The gnoll sergeant misses you. The gnoll hits you but does no damage.
You hit the gnoll.
The gnoll is moderately wounded.
The gnoll sergeant hits you from afar with a +0 trident!
A gnoll comes into view. It is wielding a +0 vampiric whip.
The gnoll hits you with a +0 whip. The gnoll sergeant barely misses you.
The gnoll barely misses you.
You closely miss the gnoll.
The gnoll shouts!
Your headbutt misses the gnoll.
The gnoll is moderately wounded.
The gnoll sergeant barely misses you. The gnoll hits you with a +0 whip.
You barely miss the gnoll.
The gnoll is moderately wounded.
The gnoll sergeant misses you. The gnoll barely misses you.
You furiously retaliate!
You headbutt the gnoll!
The gnoll sergeant hits you from afar with a +0 trident!
* * * LOW HITPOINT WARNING * * *
The gnoll hits you with a +0 whip.
* * * LOW HITPOINT WARNING * * *
You hit the gnoll.
You kill the gnoll!
Trog accepts your kill.
The gnoll sergeant hits you but does no damage.
The gnoll sergeant hits you from afar with a +0 trident!
You die...

#### .g# ### #g# #..
#g##.### #### #.)....#
### .....###.@# ###
#.. )###......# ....
..# ..........###.##.
#.#
########......##.###.#
#......$......#
#.##....#.###.#
#.##.####. #.# #.##..
.. #.# #.##.#####
#.#####


You could see a gnoll sergeant and 2 gnolls.

Vanquished Creatures
  A phantom (D:3)
  A gnoll (D:3)
  4 adders
  A worm (D:2)
  2 dart slugs (D:1)
  4 ball pythons
  2 endoplasms
  3 giant cockroaches
  9 hobgoblins
  6 jackals (D:1)
  2 kobolds
  2 quokkas (D:1)
  2 bats
  3 frilled lizards
  3 goblins
  5 rats
50 creatures vanquished.

Notes
Turn   | Place    | Note
-------+----------+-------------------------------------------
     0 | D:1      | karkarkar the Minotaur Berserker began the quest for the
                  | Orb.
     0 | D:1      | Reached XP level 1. HP: 19/19 MP: 0/0
   145 | D:1      | Reached skill level 4 in Axes
   145 | D:1      | Reached XP level 2. HP: 21/27 MP: 1/1
   221 | D:1      | Found a faded altar of an unknown god.
   665 | D:1      | Reached XP level 3. HP: 33/33 MP: 2/2
   815 | D:2      | Reached ** piety under Trog
  1568 | D:2      | Reached XP level 4. HP: 41/41 MP: 3/3
  1953 | D:3      | Reached skill level 5 in Axes
  2230 | D:3      | Noticed a phantom
  2241 | D:3      | Killed a phantom
  2242 | D:3      | Reached XP level 5. HP: 47/47 MP: 4/4
  2253 | D:3      | Slain by a gnoll sergeant

Illustrated notes

Levels and vault maps discovered:
D:1:      amcnicky_arrival_blooded_trapdoor, layout_basic,
          hellmonk_ecumenical_altar_arch_garden
D:2:      layout_loops_corners
D:3:      layout_loops_ring, old_standard_altar

Skill      XL: |  1  2  3  4 |
---------------+-------------+-----
Axes           | 4 5 |  5.6
Fighting       | 4 |  4.8
Dodging        | 3 |  3.0
Armour         | |  2.7
Stealth        | |  0.8

Action                   |  1- 3 |  4- 6 || total
-------------------------+-------+-------++-------
Melee: Hand axe          |    84 |    42 ||   126
       Headbutt          |    15 |     4 ||    19
Invok: Berserk           |       |     1 ||     1
       Trog's Hand       |       |     1 ||     1
  Use: Scroll            |       |     3 ||     3
Armor: Animal skin       |    15 |       ||    15
       Ring mail         |     4 |    24 ||    28
Dodge: Dodged            |    68 |    30 ||    98

Table legend: (Time is in decaauts)
 A = Elapsed time spent in this place.
 B = Non-inter-level travel time spent in this place.
 C = Inter-level travel time spent in this place.
 D = Time resting spent in this place.
 E = Time spent auto-exploring this place.
 F = Levels seen in this place.
 G = Mean time per level.
                   A        B        C        D        E       F      G
               +--------+--------+--------+--------+--------+-----+--------+
         Total |   2263 |   2239 |     24 |      0 |   1907 |   3 |  754.3 |
       Dungeon |   2263 |   2239 |     24 |      0 |   1907 |   3 |  754.3 |
               +--------+--------+--------+--------+--------+-----+--------+

Top non-repeatable levels by time:
     D:2: 1111 daAuts
     D:1: 809 daAuts
     D:3: 343 daAuts
